 Dungeon Crawl Stone Soup version 0.18-a0-1468-gaf180a1 (webtiles) character file.

716498 Gorice the Impregnable (level 27, -11/315 HPs)
             Began as a Demonspawn Gladiator on Feb 21, 2016.
             Was the Champion of Okawaru.
             Mangled by Oshraepayd the pandemonium lord (16 damage)
             ... in Pandemonium on Mar 1, 2016.
             The game lasted 11:34:56 (98563 turns).

Gorice the Impregnable (Demonspawn Gladiator)      Turns: 98563, Time: 11:34:58

Health: -11/315    AC: 33    Str: 30      XL:     27
Magic:  31/34      EV: 23    Int:  8 (10) God:    Okawaru [******]
Gold:   1794       SH: 10    Dex: 19      Spells: 1 memorised, 25 levels left

rFire  + + .     SeeInvis +     a - +5 demon blade "Cebrizuch" {slice, Str+9}
rCold  + . .     Gourm    .     d - +14 crystal plate armour "Huezo" {-Cast rElec Slay+2 SInv}
rNeg   + . .     Faith    .     k - +1 buckler {rPois}
rPois  +         Spirit   .     (helmet unavailable)
rElec  +         Dismiss  .     W - +2 cloak of Indomitability {+Inv rF+ MR+}
rCorr  .         Reflect  .     (gloves unavailable)
SustAt .         Harm     .     (boots unavailable)
MR     +++..     Rnd*Rage +     N - amulet of Vitality {Regen+ HP+15}
Stlth  .......... NoCast   +    Z - ring of Qesawe {+Blink rF+ rN+}
                                u - +5 ring of slaying

@: lethally poisoned (-11 -> -15), exhausted, heroism, finesse, corroded
equipment, slowed, very slow, extremely resistant to hostile enchantments,
extremely unstealthy
A: antennae 3, claws 3, talons 3, berserk 1, cold resistance 1, demonic guardian
3, icemail, robust 3, weak 1, freezing cloud immunity
a: Heroism, Finesse, Renounce Religion, Evoke Blink, Evoke Invisibility
}: 4/15 runes: barnacled, slimy, silver, gossamer


You were in Pandemonium.
You worshipped Okawaru.
Okawaru was exalted by your worship.
You were not hungry.

You visited 12 branches of the dungeon, and saw 60 of its levels.
You visited Pandemonium 2 times, and saw 2 of its levels.
You visited 1 bazaar.
You also visited: Labyrinth.

You collected 8285 gold pieces.
You spent 6491 gold pieces at shops.

Inventory:

Hand Weapons
 a - the +5 demon blade "Cebrizuch" (weapon) {slice, Str+9}
   (You acquired it on level 1 of the Lair of Beasts)

   It inflicts extra damage upon your enemies.
   It affects your strength (+9).
 b - a +2 blowgun of evasion
   (You found it on level 3 of the Crypt)
Missiles
 l - 33 curare-tipped needles
 X - 34 steel javelins (quivered)
 Y - 7 throwing nets
Armour
 d - the +14 crystal plate armour "Huezo" (worn) {-Cast rElec Slay+2 SInv}
   (You bought it in a shop on level 4 of the Depths)

   It affects your accuracy and damage with ranged weapons and melee attacks
   (+2).
   It insulates you from electricity.
   It lets you see invisible.
   It prevents spellcasting.
 k - a +1 buckler of poison resistance (worn)
   (You took it off a spriggan on level 8 of the Lair of Beasts)
 W - the +2 cloak of Indomitability (worn) {+Inv rF+ MR+}
   (You found it on level 6 of the Pits of Slime)

   It protects you from fire.
   It affects your resistance to hostile enchantments.
   It lets you turn invisible.
Rods
 J - a -1 rod of inaccuracy (13/13) {!a}
   (You took it off a deep elf mage on level 3 of the Elven Halls)
 M - a +4 rod of ignition (12/12) {!a}
   (You found it on level 3 of the Elven Halls)
 U - a +4 rod of clouds (9/9) {!a}
   (You found it on level 4 of the Shoals)
Jewellery
 h - the ring of Eternal Night {+Blink rC+ Int+4 Dex+6}
   (You bought it in a shop on level 3 of the Shoals)

   [ring of intelligence]

   It affects your intelligence (+4).
   It affects your dexterity (+6).
   It protects you from cold.
   It lets you blink.
 j - an uncursed ring of flight
 m - the ring "Qoot Bai" {rCorr MR+}
   (You bought it in a shop on level 3 of the Shoals)

   [ring of resist corrosion]

   It affects your resistance to hostile enchantments.
 u - a +5 ring of slaying (left claw)
 N - the amulet of Vitality (around neck) {Regen+ HP+15}
   (You bought it in a shop on level 3 of the Shoals)

   [amulet of regeneration]

   It affects your health (+15).
   It increases your rate of regeneration.
 Z - the ring of Qesawe (right claw) {+Blink rF+ rN+}
   (You found it on level 3 of the Crypt)

   [ring of positive energy]

   It protects you from fire.
   It protects you from negative energy.
   It lets you blink.
Wands
 n - a wand of iceblast (3/15)
 D - a wand of paralysis (9/24)
 S - a wand of disintegration (10/24)
 T - a wand of teleportation (6/9) {!d}
 V - a wand of digging (14/24)
Scrolls
 f - 4 scrolls of magic mapping {!r}
 g - a scroll of summoning {!r}
 o - a scroll of enchant weapon
 p - 5 scrolls of teleportation {!r}
 q - 4 scrolls of blinking
 s - 26 scrolls of identify
 t - 23 scrolls of remove curse
 O - 9 scrolls of fog
 P - 6 scrolls of fear {!r}
Potions
 v - 4 potions of agility {!q}
 z - 8 potions of haste {!q}
 C - 2 potions of resistance {!q}
 E - 11 potions of heal wounds {!q}
 G - 8 potions of curing
 I - 5 potions of might {!q}
Miscellaneous
 e - a sack of spiders
 i - a box of beasts
 B - a fan of gales
 R - a lamp of fire
Comestibles
 c - 21 meat rations {!e}
 Q - 35 fruits


   Skills:
 + Level 22.1(27) Fighting
 - Level 23.1(27) Long Blades
 + Level 16.8(21.8) Throwing
 - Level 23.7(27) Armour
 - Level 19.0(24.0) Dodging
 + Level 10.5(15.5) Shields
 - Level 8.3 Invocations
 - Level 15.0 Evocations


You had 25 spell levels left.
You knew the following spells:

 Your Spells              Type           Power        Failure   Level  Hunger
A - Apportation           Tloc           #.........   99%         1    ##.....


Dungeon Overview and Level Annotations

Branches:
Dungeon (15/15)            Temple (1/1) D:7            Lair (8/8) D:9
 Shoals (4/4) Lair:6       Spider (4/4) Lair:6        Slime (6/6) Lair:8
    Orc (2/2) D:9             Elf (3/3) Orc:2        Vaults (5/5) D:14
  Crypt (3/3) Vaults:3       Tomb (0/3) Crypt:3      Depths (5/5) D:15
    Zot (4/5) Depths:5

Altars:
Ashenzari
Cheibriados
Dithmenos
Elyvilon
Fedhas
Gozag
Kikubaaqudgha
Makhleb
Nemelex Xobeh
Okawaru
Pakellas
Qazlal
Ru
Sif Muna
Trog
Vehumet
Xom
Yredelemnul
Zin
The Shining One
Beogh
Jiyva

Shops:
D:10 }(   D:12 :   D:14 !   Orc:2 :(*}   Elf:2 [   Shoals:3 =   Vaults:3 *
Depths:4 *

Portals:
Hell: Depths:1 Depths:2 Depths:3 Depths:4 Depths:5
Abyss: Depths:2 Depths:4
Pandemonium: Depths:2 Depths:3 Depths:4
Ziggurat: Depths:4
Trove: Depths:5 (give 6 scrolls of blinking)

Annotations:
Vaults:5 X but manual on Zot trap (apport)


Innate Abilities, Weirdness & Mutations

You have a pair of large antennae on your head (SInv).
You have claws for hands.
You have claws for feet.
Your flesh is cold resistant.
A powerful demonic guardian rushes to your aid.
A meltable icy envelope protects you from harm (AC +0).
You are extremely robust (+30% HP).
You are immune to freezing clouds.
You tend to lose your temper in combat.
You are weak. (Str -2)


Message History

Your reaper hits the infernal chaos champion with a scythe of slicing!!
The infernal chaos champion dies!
Okawaru accepts your kill.
The shadow demon gestures.
You feel sick. Oshraepayd hits you but does no damage. Oshraepayd hits you.
* * * LOW HITPOINT WARNING * * *
Your reaper hits Oshraepayd from afar with a scythe of slicing.
You feel sick.
The neqoxec gestures.
You feel sick.
Your reaper disappears in a puff of smoke!
Oshraepayd hits you!
* * * LOW HITPOINT WARNING * * *
You are more poisoned.
The rust devil hits you. The rust devil corrodes you! Oshraepayd hits you!
* * * LOW HITPOINT WARNING * * *
Your icy envelope dissipates!
You feel sick. Oshraepayd hits you but does no damage. The rust devil hits you.
The rust devil corrodes you!
A ynoxinul comes into view.
You feel very sick. Oshraepayd hits you!
* * * LOW HITPOINT WARNING * * *
The rust devil hits you. The rust devil corrodes you!
The neqoxec gestures.
Send 'em back where they came from!
Your balrug disappears in a puff of smoke!
Oshraepayd sneers, "Despond, thou hateful sow-suckled nothing!"
Oshraepayd hits you!!
* * * LOW HITPOINT WARNING * * *
You feel much better.
You feel sick. The rust devil hits you. The rust devil corrodes you!
Oshraepayd hits you!!
* * * LOW HITPOINT WARNING * * *
Oshraepayd freezes you.
* * * LOW HITPOINT WARNING * * *
The large abomination hits you but does no damage.
You can move again.
Damage: 66 (max 157) Unknown command.
Unknown command.
Drink which item? (? for menu, Esc to quit)
Really quaff
E - 12 potions of heal wounds {!q}?
You feel much better.
You feel very sick.
The quasit disappears in a puff of smoke!
Oshraepayd hits you!!
* * * LOW HITPOINT WARNING * * *
You convulse!
You die...

.#..#######..####### ..
#.. #..# {#..#.. #..#
#{.#.. #.)# #.....
#..#######
.....#######........#
....................#
#.######&X.......#######
..ยง53234@)#####..#
#.#5####..# #..# {##...#
#..# { #..#.#####..###
##..............
#................
#..#..####........
...##.. #........ ###
#.. #........


You could see Oshraepayd, a soul eater, a shadow demon, a large abomination, a
rust devil, a neqoxec, an iron imp and a crimson imp.

Vanquished Creatures
  the Royal Jelly (Slime:6)
  A pandemonium lord (Pan)
  An orb of fire (Zot:4)
  2 ancient liches
  2 juggernauts (Depths:4)
  Mara (Vaults:4)
  Boris (Crypt:1)
  An iron giant (Depths:4)
  Margery (Vaults:4)
  5 curse toes
  2 Killer Klowns
  Nikola (Depths:1)
  Jory (Crypt:3)
  6 golden dragons
  the Enchantress (Depths:2)
  A bone dragon (Crypt:2)
  Jorgrun (Vaults:4)
  11 tentacled monstrosities
  2 electric golems
  11 liches
  An Ice Fiend (Pan)
  2 quicksilver dragons
  3 titans
  3 deep elf blademasters
  3 sphinxes
  2 deep elf master archers (Elf:3)
  A kraken (Shoals:1)
  2 Executioners (Pan)
  27 acid blobs
  12 death cobs
  Gastronok (D:9)
  Kirke (Elf:1)
  An ancient champion (Crypt:2)
  16 storm dragons
  10 shadow dragons
  3 revenants
  5 draconian monks
  Ilsuiw (Shoals:4)
  8 tengu reavers
  Donald (Vaults:4)
  Wiglaf (Depths:1)
  15 azure jellies
  8 fire giants
  7 deep elf sorcerers
  21 vault wardens
  12 frost giants
  2 ghost moths
  11 emperor scorpions
  7 draconian knights
  7 draconian scorchers
  A cacodemon (Pan)
  Louise (D:14)
  4 draconian zealots
  An iron dragon (Depths:5)
  8 curse skulls
  2 orc warlords
  4 draconian shifters (Zot:3)
  8 ghouls
  5 deep elf elementalists
  13 very ugly things
  7 draconian annihilators
  8 reapers
  4 spriggan defenders
  A caustic shrike skeleton (Crypt:2)
  2 war gargoyles (Vaults:5)
  13 ironheart preservers
  11 black draconians
  6 vampire knights
  18 stone giants
  A corrupter (Pan)
  10 deep elf demonologists
  4 salamander stormcallers
  11 green draconians
  2 draconian callers
  A lorocyproca (Pan)
  8 deep elf annihilators
  13 mottled draconians
  5 spark wasps
  A black sun (Pan)
  20 yellow draconians
  9 red draconians
  2 merfolk javelineers (Shoals:4)
  The ghost of chonchonts the Severer, a journeyman MiFi of Cheibriados (D:13)
  6 purple draconians
  10 white draconians
  17 eidola
  16 ettins
  A mummy priest (Crypt:3)
  8 deep elf death magi
  42 vault guards
  22 fire dragons
  Josephine (Lair:4)
  2 blizzard demons (Pan)
  5 jiangshi
  16 death oozes
  The ghost of Fabri the Brilliant, a journeyman DDAr of Pakellas (D:11)
  8 deep elf high priests
  12 great orbs of eyes
  2 green deaths (Pan)
  11 merfolk impalers
  7 crystal guardians
  A minotaur (Lab)
  18 yaktaur captains
  A quicksilver dragon skeleton (Crypt:3)
  A rakshasa (Depths:3)
  12 ogre magi
  6 entropy weavers
  13 ice dragons
  7 hydras
  4 spriggan air magi
  An ice dragon (shapeshifter) (Vaults:4)
  An iron giant zombie (Depths:2)
  A monstrous demonspawn (Pan)
  3 catoblepae
  2 merfolk avatars
  6 death knights
  33 dancing weapons
  8 centaur warriors
  2 satyrs
  Erica (Orc:1)
  8 merfolk aquamancers
  10 death yaks
  3 tengu warriors
  2 alligator snapping turtles
  7 deep troll shamans
  3 spriggan berserkers
  12 deep troll earth magi
  A shock serpent (shapeshifter) (Vaults:4)
  5 vampire magi
  11 soul eaters
  A titan zombie (Crypt:2)
  An orc high priest (Orc:1)
  3 sun demons
  A storm dragon zombie (Crypt:3)
  Urug (D:11)
  18 deep elf knights
  A titan skeleton (Crypt:3)
  An iron troll (Depths:1)
  A fire crab (Vaults:2)
  4 shadow wraiths
  9 sea snakes
  19 hell knights
  2 fire crabs (shapeshifter)
  18 skeletal warriors
  3 giant orange brains
  5 flayed ghosts
  7 unseen horrors
  2 unseen horrors (shapeshifter)
  A ghost moth zombie (Crypt:3)
  3 golden dragon zombies
  3 shadow demons
  18 deep elf archers
  31 deep trolls
  An infernal demonspawn (Pan)
  A wolf spider zombie (D:13)
  14 orc knights
  17 ironbrand convokers
  A putrid demonspawn (Depths:3)
  5 wizards
  A golden dragon skeleton (Crypt:3)
  An anubis guard (shapeshifter) (Depths:1)
  16 harpies
  17 orb spiders
  5 large abominations (Pan)
  9 hill giants
  15 phantasmal warriors
  2 iron dragon zombies
  21 necromancers
  Pikel (D:7)
  3 frost giant zombies
  5 shining eyes
  5 orc sorcerers
  37 wolf spiders
  58 deep elf magi
  A fire giant zombie (Crypt:1)
  17 griffons
  11 hornets
  7 fauns
  An apis zombie (Crypt:2)
  2 hornets (shapeshifter)
  50 ugly things
  4 oklob plants (Zot:3)
  13 manticores
  4 sixfirhies
  11 cyclopes
  22 moths of wrath
  A stone giant zombie (Crypt:1)
  3 centaur zombies
  8 elephants
  11 water nymphs
  An apis skeleton (Crypt:2)
  8 salamanders
  A stone giant skeleton (Depths:2)
  6 black mambas
  12 vault sentinels
  A guardian serpent (shapeshifter) (Vaults:4)
  A titan simulacrum (Depths:2)
  3 eyes of devastation
  A dire elephant zombie (Crypt:3)
  2 rust devils
  2 shock serpent zombies (Crypt:3)
  4 sirens
  2 orange demons
  A black draconian zombie (Crypt:1)
  2 naga magi
  A molten gargoyle (Depths:1)
  A black mamba (shapeshifter) (Vaults:4)
  A smoke demon (Pan)
  A gargoyle (D:15)
  8 spiny frogs
  5 torpor snails
  3 hellions
  A death yak zombie (Crypt:1)
  18 freezing wraiths
  67 yaktaurs
  12 hellwings (Crypt:3)
  4 kobold demonologists
  2 rime drakes
  A yaktaur (shapeshifter) (Vaults:5)
  An ice devil (Depths:4)
  A komodo dragon (shapeshifter) (Vaults:3)
  6 komodo dragons
  A red draconian zombie (Crypt:2)
  3 tormentors
  3 demonic crawlers
  A red devil (Depths:5)
  21 trolls
  2 hydra zombies (Crypt:1)
  A catoblepas skeleton (Crypt:3)
  A harpy zombie (D:14)
  A spriggan druid (Lair:8)
  3 tengu conjurers
  A white draconian skeleton (Crypt:2)
  23 jumping spiders
  28 merfolk
  A troll (shapeshifter) (Elf:1)
  18 blink frogs
  7 polar bears
  2 raiju (shapeshifter)
  A wind drake (Shoals:2)
  A hydra skeleton (Crypt:3)
  3 boulder beetles
  A wolf spider simulacrum (Vaults:1)
  21 two-headed ogres
  103 slime creatures
  An ettin zombie (Crypt:1)
  10 snapping turtles
  An ushabti (Crypt:3)
  A stone giant simulacrum (Depths:2)
  An ice dragon skeleton (Crypt:1)
  A sphinx simulacrum (Depths:2)
  A fire giant simulacrum (Depths:2)
  5 air elementals
  87 redbacks
  An ettin skeleton (Crypt:3)
  3 fire dragon zombies
  14 spriggans
  A centaur simulacrum (D:14)
  15 wraiths
  13 water elementals
  3 shadows
  16 wyverns
  28 tarantellas
  3 vampires
  2 ynoxinuls
  A fire bat (shapeshifter) (Vaults:5)
  10 basilisks
  32 yaks
  3 hungry ghosts
  2 golden eyes (Slime:5)
  4 neqoxecs
  6 fire elementals
  A wind drake skeleton (Crypt:1)
  16 vampire mosquitoes
  Grum (D:9)
  20 hippogriffs
  3 chaos spawn
  7 wargs
  A mottled dragon (Vaults:2)
  37 wolves
  A naga (shapeshifter) (D:15)
  A hydra simulacrum (Crypt:2)
  A spiny frog zombie (Crypt:1)
  2 hell hounds (Depths:5)
  13 water moccasins
  12 porcupines
  A torturous demonspawn skeleton (Crypt:1)
  31 orc warriors
  A gelid demonspawn skeleton (Crypt:1)
  4 ice beasts
  14 wasps
  51 ogres
  2 snapping turtle zombies
  8 black bears
  An eye of draining (shapeshifter) (D:15)
  8 eyes of draining
  6 necrophages
  7 sky beasts
  4 boggarts
  15 centaurs
  A spriggan simulacrum (Depths:2)
  A manticore skeleton (Crypt:2)
  20 crocodiles
  A crocodile (shapeshifter) (Vaults:4)
  3 snapping turtle skeletons
  5 big kobolds
  2 gnoll sergeants
  4 earth elementals
  17 giant frogs
  A hell hound zombie (Crypt:1)
  An elf skeleton (Crypt:2)
  7 wyvern skeletons
  6 scorpions
  A spriggan zombie (Crypt:3)
  21 killer bees
  2 yak zombies
  A troll skeleton (Crypt:1)
  A hippogriff skeleton (Crypt:2)
  6 wights
  An electric eel (Spider:2)
  12 crimson imps
  3 quasits
  A yaktaur simulacrum (Vaults:1)
  A giant frog skeleton (D:10)
  2 human zombies
  61 jellies
  12 orc priests
  6 hounds
  28 orc wizards
  2 giant frog zombies
  6 centaur skeletons
  A gnoll shaman (D:7)
  5 iguanas
  3 iron imps
  16 worker ants
  A killer bee zombie (D:9)
  28 sheep
  A dwarf zombie (Crypt:2)
  A naga skeleton (Crypt:2)
  2 hound zombies
  2 hound skeletons
  2 mummies (Crypt:3)
  A worker ant zombie (D:9)
  12 gnolls
  13 adders
  77 river rats
  4 shadow imps
  4 white imps
  2 ufetubi
  12 oozes (Lair:3)
  A worm zombie (Crypt:1)
  An adder zombie (D:7)
  An adder skeleton (D:8)
  3 worms
  7 giant geckos
  100 orcs
  7 giant cockroaches
  2 gnoll zombies (D:7)
  10 goblins
  7 hobgoblins
  11 jackals
  3 quokkas
  10 bats
  6 giant newts
  21 kobolds
  2 kobold zombies
  An orc zombie (Crypt:1)
  10 rats
  A rat skeleton (Crypt:2)
  A crawling corpse (Elf:3)
  5 lost souls
  3 plants (Shoals:4)
  2 tentacles (Shoals:1)
  3 withered plants (Crypt:3)
2978 creatures vanquished.

Vanquished Creatures (collateral kills)
  An ancient lich (Vaults:5)
  A juggernaut (Depths:5)
  3 golden dragons
  Xtahua (Crypt:1)
  A lich (Depths:3)
  A quicksilver dragon (Depths:3)
  A titan (Vaults:5)
  An acid blob (Slime:1)
  2 Executioners (Pan)
  A death cob (Zot:1)
  A sphinx (Vaults:3)
  A storm dragon (Zot:4)
  A shadow dragon (Vaults:5)
  2 azure jellies (Slime:6)
  Aizul (Vaults:1)
  A frost giant (Depths:5)
  A draconian knight (Zot:3)
  5 deep elf sorcerers
  An emperor scorpion (Spider:4)
  A caustic shrike zombie (Depths:2)
  A vault warden (Vaults:3)
  3 ironheart preservers
  A draconian annihilator (Zot:3)
  A draconian shifter (Zot:3)
  2 stone giants
  A very ugly thing (Vaults:5)
  A purple draconian (Zot:4)
  A black draconian (Depths:5)
  2 deep elf annihilators
  A chaos champion (Pan)
  A white draconian (Zot:4)
  A merfolk javelineer (Shoals:4)
  4 vault guards
  A deep elf death mage (Vaults:5)
  A death ooze (Slime:6)
  2 merfolk impalers (Shoals:4)
  3 yaktaur captains
  2 hydras
  3 merfolk aquamancers (Shoals:2)
  2 ogre magi
  2 dancing weapons (Elf:2)
  A deep troll shaman (Vaults:1)
  4 death yaks
  2 deep elf knights (Elf:2)
  A sun demon (Pan)
  A skeletal warrior (D:15)
  2 hell knights
  A flayed ghost (Vaults:2)
  6 deep trolls
  A phantasmal warrior (Crypt:2)
  7 harpies
  A necromancer (Depths:2)
  4 orc knights
  8 deep elf magi
  2 orb spiders (Spider:4)
  A hornet (shapeshifter) (Vaults:5)
  An orc sorcerer (Vaults:3)
  13 ugly things
  2 griffons
  A water nymph (Shoals:2)
  A manticore (D:14)
  A faun (Shoals:3)
  2 wolf spiders
  A moth of wrath (Zot:4)
  A slime creature (Slime:6)
  A stone giant skeleton (Crypt:2)
  A black mamba (Lair:2)
  A centaur skeleton (D:14)
  2 freezing wraiths (Vaults:3)
  A large abomination (Pan)
  4 yaktaurs
  A hellwing (Crypt:3)
  A tengu conjurer (Vaults:4)
  A jumping spider (Spider:1)
  A polar bear (Lair:8)
  2 snapping turtles (Shoals:4)
  3 two-headed ogres
  A blink frog (Lair:8)
  7 redbacks
  A spriggan (Lair:8)
  2 tarantellas (Spider:1)
  2 yaks (Lair:7)
  A fire elemental (Elf:1)
  A wyvern (D:8)
  2 chaos spawn (Pan)
  2 vampire mosquitoes (Vaults:3)
  8 wolves
  A hippogriff (Lair:1)
  A soldier ant (shapeshifter) (Vaults:5)
  2 wargs (Orc:2)
  5 orc warriors
  2 black bears
  A wasp (Lair:8)
  2 boggarts (Vaults:2)
  13 ogres
  2 centaurs (D:13)
  A crocodile (D:9)
  A giant frog (D:4)
  An earth elemental (Elf:1)
  A hound (D:9)
  An orc priest (Orc:1)
  A jelly (Slime:1)
  4 orc wizards
  A sheep (Lair:8)
  5 gnolls
  2 oozes (Lair:3)
  13 orcs
  A giant cockroach (D:6)
  A fungus (Lair:6)
237 creatures vanquished.

Vanquished Creatures (others)
  2 eldritch tentacles (Crypt:3)
  A shadow dragon (Vaults:5)
  A draconian zealot (Zot:1)
  A draconian caller (Zot:3)
  A yellow draconian (Zot:1)
  A dancing weapon (Elf:3)
  A water elemental (Elf:1)
  2 slaves (D:7)
  5 humans
  A centaur (D:7)
  A jelly (Zot:3)
  3 orc priests
  2 orc wizards
  An adder zombie (D:7)
  2 orcs (D:7)
  A crawling corpse (Elf:3)
  213 eldritch tentacle segments (Crypt:3)
  36 fungi
  3 lost souls (Crypt:3)
  48 plants
  4 tentacles (Shoals:1)
  207 tentacle segments (Shoals:1)
  9 withered plants (Crypt:3)
546 creatures vanquished.

Grand Total: 3761 creatures vanquished

Notes
Turn   | Place    | Note
--------------------------------------------------------------
     0 | D:1      | Gorice the Demonspawn Gladiator began the quest for the Orb.
     0 | D:1      | Reached XP level 1. HP: 16/16 MP: 1/1
   211 | D:1      | Reached skill level 3 in Long Blades
   304 | D:1      | Gained mutation: A weak demonic guardian rushes to your aid. [demonic ancestry]
   304 | D:1      | Reached XP level 2. HP: 19/22 MP: 2/2
   417 | D:1      | HP: 6/22 [poisoned by a kobold]
   425 | D:1      | HP: 5/22 [poisoned by a kobold]
  1248 | D:2      | Reached XP level 3. HP: 25/28 MP: 3/3
  1629 | D:2      | Reached skill level 4 in Long Blades
  1790 | D:2      | Reached XP level 4. HP: 23/34 MP: 4/4
  1861 | D:2      | HP: 10/34 [poisoned by an adder]
  2266 | D:2      | Reached skill level 3 in Fighting
  2665 | D:3      | Reached XP level 5. HP: 32/41 MP: 5/5
  3416 | D:4      | HP: 12/41 [orc priest/divine providence (11)]
  3425 | D:4      | HP: 12/41 [quokka (1)]
  3753 | D:4      | Reached skill level 5 in Long Blades
  3797 | D:4      | HP: 12/41 [orc priest/divine providence (9)]
  4185 | D:4      | Found a bloodstained altar of Trog.
  4455 | D:4      | Reached skill level 1 in Armour
  4455 | D:4      | Reached XP level 6. HP: 35/48 MP: 6/6
  4640 | D:4      | Reached skill level 4 in Fighting
  4980 | D:4      | Found a glowing golden altar of the Shining One.
  4980 | D:4      | Found a shattered altar of Ashenzari.
  4980 | D:4      | Found a shimmering altar of Xom.
  4987 | D:4      | Reached skill level 2 in Armour
  4987 | D:4      | Gained mutation: You have sharp fingernails. [demonic ancestry]
  4987 | D:4      | Reached XP level 7. HP: 50/55 MP: 7/7
  4988 | D:4      | Found a stormy altar of Qazlal.
  4989 | D:4      | Found a white marble altar of Elyvilon.
  4992 | D:4      | Found an ancient bone altar of Kikubaaqudgha.
  5205 | D:5      | Entered Level 5 of the Dungeon
  5243 | D:5      | Reached skill level 6 in Long Blades
  6407 | D:6      | Gained mutation: You are resistant to hostile enchantments. [potion of beneficial mutation]
  6445 | D:6      | Reached skill level 5 in Fighting
  6445 | D:6      | Reached skill level 3 in Armour
  6516 | D:6      | Gained mutation: Your flesh is cold resistant. [demonic ancestry]
  6516 | D:6      | Reached XP level 8. HP: 39/62 MP: 8/8
  6576 | D:6      | Found a sacrificial altar of Ru.
  6718 | D:6      | Reached skill level 7 in Long Blades
  7266 | D:6      | Reached skill level 4 in Armour
  7587 | D:7      | Reached skill level 8 in Long Blades
  7677 | D:7      | Found a basalt altar of Yredelemnul.
  7689 | D:7      | Found a staircase to the Ecumenical Temple.
  7740 | D:7      | Reached skill level 6 in Fighting
  7821 | D:7      | Gained mutation: You have very sharp fingernails. [demonic ancestry]
  7821 | D:7      | Reached XP level 9. HP: 37/69 MP: 9/9
  7851 | D:7      | You fall through a shaft for 2 floors!
  7891 | D:9      | HP: 18/71 [gnoll sergeant/spear of flaming (5)]
  7896 | D:9      | HP: 14/71 [yak (5)]
  7906 | D:9      | Reached skill level 9 in Long Blades
  7906 | D:9      | Reached skill level 5 in Armour
  7907 | D:9      | HP: 21/71 [gnoll sergeant/spear of flaming (2)]
  7910 | D:9      | Noticed an elephant
  7914 | D:9      | HP: 16/71 [gnoll sergeant/spear of flaming (5)]
  7946 | D:9      | HP: 17/71 [gnoll/spear (1)]
  8218 | D:9      | Noticed Gastronok
  8241 | D:9      | Found a staircase to the Lair.
  8530 | D:7      | Reached skill level 7 in Fighting
  8798 | D:7      | Noticed Pikel
  8828 | D:7      | Killed Pikel
  8829 | D:7      | HP: 14/72 [orc priest/divine providence (9)]
  8852 | D:7      | HP: 21/72 [adder zombie (3)]
  8854 | Temple   | Entered the Ecumenical Temple
  9165 | Temple   | Became a worshipper of Warmaster Okawaru
  9191 | Temple   | Reached skill level 10 in Long Blades
  9218 | D:7      | Reached skill level 6 in Armour
  9218 | D:7      | Gained mutation: You have sharp toenails. [demonic ancestry]
  9218 | D:7      | Reached XP level 10. HP: 60/79 MP: 10/10
  9331 | D:7      | Identified the Tome of Damaging Air
  9768 | D:8      | Reached * piety under Okawaru
  9785 | D:8      | HP: 24/80 [poisoned by a kobold]
  9790 | D:8      | HP: 21/80 [poisoned by a kobold]
  9796 | D:8      | HP: 20/80 [poisoned by a kobold]
  9802 | D:8      | HP: 19/80 [poisoned by a kobold]
  9810 | D:8      | HP: 19/80 [poisoned by a kobold]
 10352 | D:9      | Killed an elephant
 10450 | D:9      | Reached skill level 8 in Fighting
 10728 | D:9      | Noticed Grum
 10788 | D:9      | Killed Grum
 11791 | D:9      | HP: 24/82 [orc wizard/puff of frost (2)]
 11796 | D:9      | HP: 20/82 [poisoned by a killer bee]
 11801 | D:9      | HP: 11/82 [orc wizard/puff of flame (12)]
 11829 | D:9      | HP: 10/82 [troll (6)]
 11871 | D:9      | HP: 18/82 [killer bee (2)]
 11877 | D:9      | HP: 14/82 [killer bee (2)]
 12419 | D:9      | Found a staircase to the Orcish Mines.
 12489 | D:9      | Reached skill level 11 in Long Blades
 12592 | Lair:1   | Entered Level 1 of the Lair of Beasts
 13076 | Lair:1   | Reached ** piety under Okawaru
 13076 | Lair:1   | Reached skill level 7 in Armour
 13815 | Lair:1   | Identified a scroll of acquirement
 13816 | Lair:1   | Got a bone demon blade
 13817 | Lair:1   | Identified the +5 demon blade "Cebrizuch" {slice, Str+9} (You acquired it on level 1 of the Lair of Beasts)
 13863 | Lair:2   | Noticed a spiny frog
 13880 | Lair:2   | Killed a spiny frog
 14168 | Lair:2   | Noticed a black mamba
 14178 | Lair:2   | Killed a black mamba
 14178 | Lair:2   | Reached XP level 11. HP: 81/87 MP: 11/11
 14186 | Lair:2   | Reached *** piety under Okawaru
 14186 | Lair:2   | Reached skill level 9 in Fighting
 14962 | Lair:2   | Reached **** piety under Okawaru
 15282 | Lair:3   | Reached skill level 12 in Long Blades
 15356 | Lair:3   | Noticed a death yak
 15373 | Lair:3   | Killed a death yak
 15373 | Lair:3   | Reached skill level 8 in Armour
 15532 | Lair:3   | Noticed a four-headed hydra
 15545 | Lair:3   | Killed a four-headed hydra
 15679 | Lair:3   | Reached ***** piety under Okawaru
 15761 | Lair:3   | Received a gift from Okawaru
 15976 | Lair:3   | Noticed a death yak
 15999 | Lair:3   | Killed a death yak
 15999 | Lair:3   | Reached skill level 10 in Fighting
 16669 | Lair:4   | Found a labyrinth entrance.
 16688 | Lab      | Entered a labyrinth
 17208 | Lab      | Noticed a minotaur
 17885 | Lab      | Killed a minotaur
 17885 | Lab      | Gained mutation: You have razor-sharp toenails. [demonic ancestry]
 17885 | Lab      | Reached XP level 12. HP: 97/97 MP: 9/12
 17887 | Lab      | Got a translucent bronze amulet
 17890 | Lab      | Got a slimy flail {flame}
 17890 | Lab      | Got a dazzling plate armour
 17912 | Lab      | Identified the cursed +1 plate armour of the Valley {rF+ MR+ Slay-4} (You took it off a minotaur in a labyrinth)
 17925 | Lab      | Identified the +8 flail of Boozew {flame, rElec Str+6 Dex+5} (You took it off a minotaur in a labyrinth)
 17930 | Lab      | Identified the amulet "Ryprer" {+Rage Str+2 Dex+3} (You took it off a minotaur in a labyrinth)
 17978 | Lair:4   | Received a gift from Okawaru
 17988 | Lair:4   | Reached skill level 13 in Long Blades
 18083 | Lair:4   | Noticed a catoblepas
 18298 | Lair:3   | Reached skill level 9 in Armour
 18310 | Lair:3   | HP: 28/98 [wyvern (2)]
 18621 | Lair:4   | Noticed a seven-headed hydra
 18625 | Lair:4   | Noticed Josephine
 19421 | Lair:4   | Killed a seven-headed hydra
 20096 | Lair:4   | Killed a catoblepas
 20444 | Lair:5   | Reached skill level 11 in Fighting
 20755 | Lair:5   | Reached skill level 14 in Long Blades
 21285 | Lair:5   | Received a gift from Okawaru
 21288 | Lair:5   | Reached skill level 10 in Armour
 21716 | Lair:6   | Gained mutation: A demonic guardian rushes to your aid. [demonic ancestry]
 21716 | Lair:6   | Reached XP level 13. HP: 106/106 MP: 13/13
 21885 | Lair:6   | Found a staircase to the Shoals.
 22221 | Lair:6   | Reached skill level 1 in Invocations
 22310 | Lair:6   | HP: 31/106 [jumping spider (4)]
 22342 | Lair:6   | Reached skill level 2 in Invocations
 22804 | Lair:5   | Reached skill level 3 in Invocations
 23155 | Lair:5   | Reached skill level 4 in Invocations
 23796 | Lair:6   | Found a hole to the Spider Nest.
 23865 | Lair:6   | Reached skill level 12 in Fighting
 24024 | Lair:7   | Reached skill level 5 in Invocations
 24030 | Lair:7   | Received a gift from Okawaru
 24078 | Lair:7   | Reached skill level 11 in Armour
 24104 | Lair:7   | Found a deep blue altar of Sif Muna.
 24695 | Lair:8   | Entered Level 8 of the Lair of Beasts
 24717 | Lair:8   | Identified Ziyzeyr's Tome of Confrontation
 24898 | Lair:8   | Reached skill level 6 in Invocations
 24937 | Lair:8   | Found a viscous altar of Jiyva.
 24974 | Lair:8   | Found a staircase to the Slime Pits.
 26275 | Lair:8   | Reached skill level 7 in Invocations
 26344 | Lair:8   | Gained mutation: You have a pair of small antennae on your head. [demonic ancestry]
 26344 | Lair:8   | Reached XP level 14. HP: 102/116 MP: 19/19
 26365 | Lair:8   | Reached ****** piety under Okawaru
 26512 | Lair:8   | Reached skill level 12 in Armour
 26685 | Lair:8   | Received a gift from Okawaru
 26702 | Lair:8   | Reached skill level 8 in Invocations
 27557 | D:9      | Killed Gastronok
 27557 | D:9      | Reached skill level 13 in Fighting
 27557 | D:9      | Reached skill level 1 in Shields
 27598 | D:10     | Entered Level 10 of the Dungeon
 28065 | D:10     | Found Gecountost's Gadget Shoppe.
 28414 | D:10     | Found a shattered altar of Ashenzari.
 28522 | D:10     | Found Nauginiu's Antique Weapon Boutique.
 28920 | D:11     | Noticed Urug
 28940 | D:11     | Killed Urug
 28985 | D:11     | Reached skill level 2 in Shields
 29099 | D:11     | Noticed Fabri's ghost (journeyman DDAr)
 29114 | D:11     | Killed Fabri's ghost
 29114 | D:11     | Reached skill level 13 in Armour
 29321 | D:11     | Reached skill level 3 in Shields
 29541 | D:11     | Identified a -1 rod of ignition (14/14) (You found it on level 11 of the Dungeon)
 29881 | Orc:1    | Entered Level 1 of the Orcish Mines
 29941 | Orc:1    | Received a gift from Okawaru
 30011 | Orc:1    | Identified a +2 pair of boots of running (Okawaru gifted it to you on level 1 of the Orcish Mines)
 30110 | Orc:1    | Noticed Erica
 30119 | Orc:1    | Killed Erica
 30418 | Orc:2    | Entered Level 2 of the Orcish Mines
 30418 | Orc:2    | Found a staircase to the Elven Halls.
 30522 | Orc:2    | Found a roughly hewn altar of Beogh.
 30777 | Orc:2    | Reached skill level 4 in Shields
 30820 | Orc:2    | Gained mutation: You have claws for hands. [demonic ancestry]
 30820 | Orc:2    | Reached XP level 15. HP: 95/124 MP: 21/21
 30829 | Orc:2    | Found Qeucoovi's Weapon Boutique.
 31188 | Orc:2    | Noticed an orc warlord
 31239 | Orc:2    | Found Dyolub's Gadget Emporium.
 31273 | Orc:2    | Found Subroibo's Book Shop.
 31317 | Orc:2    | Killed an orc warlord
 31396 | Orc:2    | Found Joham's Assorted Antiques.
 31555 | Orc:2    | Received a gift from Okawaru
 31600 | Orc:2    | Found a deep blue altar of Sif Muna.
 32073 | D:12     | Reached skill level 14 in Armour
 32099 | D:12     | Reached skill level 5 in Shields
 32258 | D:12     | Found Arecs's Book Boutique.
 32323 | D:12     | Got a pair of fine boots
 32344 | D:12     | Identified the +4 pair of boots of the Republic {Dex+2} (You found it on level 12 of the Dungeon)
 32853 | D:13     | Noticed chonchonts's ghost (journeyman MiFi)
 32876 | D:13     | Killed chonchonts's ghost
 34013 | D:14     | Noticed Louise
 34038 | D:14     | Killed Louise
 34085 | D:14     | Reached skill level 14 in Fighting
 34092 | D:14     | Reached skill level 3 in Dodging
 34188 | D:14     | Found Faxzes's Distillery.
 34222 | D:14     | Found a gate to the Vaults.
 34243 | D:14     | Bought a potion of heal wounds for 70 gold pieces
 34243 | D:14     | Bought a potion of curing for 42 gold pieces
 34243 | D:14     | Bought a potion of haste for 140 gold pieces
 34243 | D:14     | Bought a potion of haste for 140 gold pieces
 34906 | D:14     | Upgraded the game from 0.18-a0-1372-gd644665 to 0.18-a0-1413-g4eaa9ac
 34942 | D:15     | Entered Level 15 of the Dungeon
 35233 | D:15     | Reached skill level 4 in Dodging
 35274 | D:15     | Reached skill level 15 in Armour
 35573 | D:15     | Noticed a fire giant
 35599 | D:15     | Killed a fire giant
 35599 | D:15     | Received a gift from Okawaru
 35605 | D:15     | Got a scorched buckler {god gift}
 35616 | D:15     | Identified the +1 buckler of Okawaru's Approval {rN+} (Okawaru gifted it to you on level 15 of the Dungeon)
 35650 | D:15     | Found a staircase to the Depths.
 36071 | Spider:1 | Entered Level 1 of the Spider Nest
 36072 | Spider:1 | --FMT: 2 emperor scorps waiting at the entrance!
 36207 | Spider:1 | Reached skill level 2 in Throwing
 36207 | Spider:1 | Reached XP level 16. HP: 132/134 MP: 20/22
 36448 | Spider:1 | Reached skill level 5 in Dodging
 36453 | Spider:1 | Got a jasper-encrusted scale mail
 37139 | Spider:1 | Reached skill level 3 in Throwing
 37354 | Lair:6   | Identified the +2 scale mail of Music {Regen+ MP+9} (You found it on level 1 of the Spider Nest)
 38122 | Spider:2 | Received a gift from Okawaru
 38128 | Spider:2 | Got a spiked plate armour {god gift}
 38184 | Spider:2 | Reached skill level 4 in Throwing
 38453 | Spider:2 | Reached skill level 6 in Dodging
 38634 | Spider:2 | Identified the +0 plate armour of Compression {*Contam +Inv Str-3 Dex+8} (Okawaru gifted it to you on level 2 of the Spider Nest)
 39369 | Spider:3 | Reached skill level 16 in Armour
 39581 | Spider:2 | Reached skill level 15 in Fighting
 39684 | Spider:4 | Entered Level 4 of the Spider Nest
 40073 | Spider:4 | Reached skill level 5 in Throwing
 40808 | Spider:4 | Received a gift from Okawaru
 41248 | Spider:4 | Reached XP level 17. HP: 142/142 MP: 23/23
 41267 | Spider:4 | Reached skill level 7 in Dodging
 41520 | Spider:4 | Received a gift from Okawaru
 41604 | Spider:4 | Reached skill level 6 in Throwing
 41646 | Spider:4 | Received a gift from Okawaru
 41695 | Spider:4 | Got a gossamer rune of Zot
 42448 | Shoals:1 | Entered Level 1 of the Shoals
 42764 | Shoals:1 | Noticed a kraken
 42872 | Shoals:1 | Killed a kraken
 43175 | Shoals:1 | Reached skill level 8 in Dodging
 43407 | Shoals:2 | Reached skill level 17 in Armour
 43526 | Shoals:2 | Received a gift from Okawaru
 43793 | Shoals:2 | Reached skill level 7 in Throwing
 44995 | Shoals:3 | Found Etag's Jewellery Shoppe.
 45017 | Shoals:3 | Bought the ring of Eternal Night {+Blink rC+ Int+4 Dex+6} for 1090 gold pieces
 45017 | Shoals:3 | Bought the ring "Qoot Bai" {rCorr MR+} for 586 gold pieces
 45017 | Shoals:3 | Bought the amulet of Vitality {Regen+ HP+15} for 666 gold pieces
 45348 | Shoals:3 | Received a gift from Okawaru
 45362 | Shoals:3 | Reached skill level 1 in Evocations
 45955 | Shoals:4 | Entered Level 4 of the Shoals
 46076 | Shoals:4 | Reached skill level 2 in Evocations
 46217 | Shoals:4 | Reached skill level 9 in Dodging
 46388 | Shoals:4 | Reached skill level 8 in Throwing
 46423 | Shoals:4 | Identified the Papyrus of Bewitchment and Ice
 46586 | Shoals:4 | Received a gift from Okawaru
 46586 | Shoals:4 | Reached XP level 18. HP: 64/149 MP: 19/24
 46591 | Shoals:4 | HP: 49/164 [poisoned by a merfolk impaler]
 46596 | Shoals:4 | HP: 43/164 [poisoned by a merfolk impaler]
 46601 | Shoals:4 | HP: 39/164 [poisoned by a merfolk impaler]
 46606 | Shoals:4 | HP: 37/164 [poisoned by a merfolk impaler]
 46607 | Shoals:4 | Reached skill level 3 in Evocations
 46611 | Shoals:4 | HP: 37/164 [poisoned by a merfolk impaler]
 46617 | Shoals:4 | HP: 38/164 [poisoned by a merfolk impaler]
 46622 | Shoals:4 | HP: 40/164 [poisoned by a merfolk impaler]
 46627 | Shoals:4 | HP: 35/164 [merfolk javelineer/steel javelin (6)]
 46710 | Shoals:4 | Identified a +4 rod of clouds (9/9) (You found it on level 4 of the Shoals)
 47271 | Shoals:4 | Noticed Ilsuiw
 47327 | Shoals:4 | Killed Ilsuiw
 47415 | Shoals:4 | Reached skill level 4 in Evocations
 47631 | Shoals:4 | Got a barnacled rune of Zot
 47893 | Shoals:4 | Identified the Guide on Unstable Poisoning
 48529 | Vaults:1 | Entered Level 1 of the Vaults
 48739 | Vaults:1 | Reached skill level 5 in Evocations
 48763 | Vaults:1 | Reached skill level 10 in Dodging
 48905 | Vaults:1 | Noticed Aizul
 48921 | Vaults:1 | Killed Aizul
 48921 | Vaults:1 | Received a gift from Okawaru
 49080 | Vaults:1 | Reached skill level 9 in Throwing
 49564 | Vaults:1 | Reached skill level 6 in Evocations
 49574 | Vaults:1 | Reached skill level 18 in Armour
 49650 | Vaults:1 | Upgraded the game from 0.18-a0-1413-g4eaa9ac to 0.18-a0-1418-ga86aa8f
 50508 | Vaults:2 | Found a flickering gateway to a bazaar.
 50520 | Bazaar   | Entered a bazaar
 50522 | Bazaar   | Found Gyts's Assorted Antiques.
 50526 | Bazaar   | Found Benwioth's Magic Scroll Boutique.
 50526 | Bazaar   | Found Wailout's Food Boutique.
 50526 | Bazaar   | Found Waituxerith's Weapon Boutique.
 50564 | Bazaar   | Bought a potion of heal wounds for 145 gold pieces
 50764 | Vaults:2 | Got a jasper-studded ring mail
 51009 | Vaults:2 | Received a gift from Okawaru
 51127 | Vaults:2 | Reached skill level 7 in Evocations
 51127 | Vaults:2 | Gained mutation: You have a pair of antennae on your head. [demonic ancestry]
 51127 | Vaults:2 | Reached XP level 19. HP: 150/155 MP: 21/25
 51183 | Vaults:2 | Got a warped chain mail
 51311 | Vaults:2 | Reached skill level 10 in Throwing
 51311 | Vaults:2 | Reached skill level 11 in Dodging
 51330 | Vaults:2 | Received a gift from Okawaru
 51676 | Vaults:2 | Received a gift from Okawaru
 51677 | Vaults:2 | Got a fine long sword {god gift}
 51862 | D:14     | Identified the +4 ring mail "Femnij" {rElec Int+3} (You found it on level 2 of the Vaults)
 51872 | D:14     | Identified the +4 chain mail of Complete Protection {-Tele *Drain MR+++ SInv} (You found it on level 2 of the Vaults)
 52068 | Vaults:3 | Reached skill level 8 in Evocations
 52591 | Vaults:3 | Received a gift from Okawaru
 52768 | Vaults:3 | Found Natyb's General Store.
 52809 | Vaults:3 | Bought a potion of haste for 130 gold pieces
 52809 | Vaults:3 | Bought a potion of heal wounds for 65 gold pieces
 52823 | Vaults:3 | Found a staircase to the Crypt.
 52823 | Vaults:3 | Found an ancient bone altar of Kikubaaqudgha.
 52824 | Vaults:3 | Found a basalt altar of Yredelemnul.
 52994 | Vaults:3 | Reached skill level 9 in Evocations
 53315 | Vaults:3 | Received a gift from Okawaru
 53473 | Vaults:3 | Found a sacrificial altar of Ru.
 53569 | Vaults:3 | Received a gift from Okawaru
 53570 | Vaults:3 | Got an ivory double sword {god gift}
 53571 | Vaults:3 | Identified the +7 double sword "Vielymid" {flame, *Corrode *Confuse rC+++ Dex+2} (Okawaru gifted it to you on level 3 of the Vaults)
 53596 | Vaults:3 | Reached skill level 12 in Dodging
 53943 | D:14     | Upgraded the game from 0.18-a0-1418-ga86aa8f to 0.18-a0-1426-g3b9a63c
 54229 | Vaults:4 | Noticed Margery
 54340 | Vaults:4 | Reached skill level 10 in Evocations
 54610 | Vaults:4 | Received a gift from Okawaru
 54610 | Vaults:4 | Reached skill level 19 in Armour
 54610 | Vaults:4 | Gained mutation: You have a pair of large antennae on your head (SInv). [demonic ancestry]
 54610 | Vaults:4 | Reached XP level 20. HP: 77/162 MP: 14/27
 54611 | Vaults:4 | --Damn no more hat of the Bear Spirit
 54794 | Vaults:4 | Found a radiant altar of Vehumet.
 54898 | Vaults:4 | Received a gift from Okawaru
 54918 | Vaults:4 | Noticed Donald
 54932 | Vaults:4 | Killed Donald
 55262 | Vaults:4 | Noticed Jorgrun
 55272 | Vaults:4 | Killed Jorgrun
 55272 | Vaults:4 | Received a gift from Okawaru
 55423 | Vaults:4 | Noticed Mara
 55443 | Vaults:4 | Noticed Gorice's illusion
 55731 | Vaults:4 | Killed Margery
 55764 | Vaults:4 | Reached skill level 11 in Evocations
 56214 | D:14     | Reached skill level 13 in Dodging
 56225 | D:14     | Received a gift from Okawaru
 57290 | Elf:1    | Entered Level 1 of the Elven Halls
 57306 | Elf:1    | Received a gift from Okawaru
 57339 | Elf:1    | Noticed Kirke
 57348 | Elf:1    | Killed Kirke
 58245 | Elf:2    | Found a runed gate.
 58245 | Elf:2    | Found a runed gate.
 58245 | Elf:2    | Found a runed gate.
 58282 | Elf:2    | Reached skill level 12 in Evocations
 58791 | Elf:2    | Found Qojadgh's Antique Armour Shop.
 59069 | Elf:2    | Gained mutation: You are robust (+10% HP). [demonic ancestry]
 59069 | Elf:2    | Reached XP level 21. HP: 177/184 MP: 27/30
 59564 | Elf:3    | Entered Level 3 of the Elven Halls
 59706 | Elf:3    | Reached skill level 20 in Armour
 59748 | Elf:3    | Reached skill level 14 in Dodging
 59832 | Elf:3    | Received a gift from Okawaru
 59837 | Elf:3    | Got an ancient longbow {god gift}
 59850 | Elf:3    | Identified the +1 longbow "Hinicar" {freeze, Int+3} (Okawaru gifted it to you on level 3 of the Elven Halls)
 60428 | Elf:3    | Reached skill level 13 in Evocations
 60919 | Elf:3    | HP: 45/199 [crystal guardian/crystal bolt (19)]
 61169 | Elf:3    | Received a gift from Okawaru
 61240 | Elf:3    | Got a faintly glowing tin ring
 61854 | Elf:3    | Identified a -1 rod of inaccuracy (10/13) {!a} (You took it off a deep elf mage on level 3 of the Elven Halls)
 61857 | Elf:3    | Identified the cursed ring of the Tick {rPois rC- Dex-3 Slay+2} (You took it off a deep elf master archer on level 3 of the Elven Halls)
 62350 | Elf:3    | Identified a +4 rod of ignition (12/12) (You found it on level 3 of the Elven Halls)
 63048 | Crypt:1  | Entered Level 1 of the Crypt
 63448 | Crypt:1  | Noticed Boris
 63448 | Crypt:1  | Noticed Xtahua
 63679 | Crypt:1  | Received a gift from Okawaru
 63774 | Crypt:1  | Reached skill level 14 in Evocations
 63888 | Crypt:1  | Received a gift from Okawaru
 63934 | Crypt:1  | Identified Tangar's Papyrus of Evil
 64002 | Crypt:1  | Reached skill level 15 in Dodging
 64087 | Crypt:1  | Killed Boris
 64087 | Crypt:1  | Received a gift from Okawaru
 64130 | Crypt:1  | Killed Xtahua
 64130 | Crypt:1  | Received a gift from Okawaru
 64130 | Crypt:1  | Gained mutation: You have claws for feet. [demonic ancestry]
 64130 | Crypt:1  | Reached XP level 22. HP: 168/192 MP: 30/32
 64131 | Crypt:1  | --Gah! no more boots or running!
 64542 | Crypt:1  | Received a gift from Okawaru
 65296 | Crypt:2  | HP: 34/207 [??? (31)]
 65321 | Crypt:2  | HP: 23/207 [eidolon/bolt of negative energy (32)]
 65328 | Crypt:2  | HP: 52/207 [eidolon (1)]
 65734 | Crypt:2  | HP: 42/207 [??? (40)]
 65818 | Crypt:2  | Received a gift from Okawaru
 65939 | Crypt:2  | Reached skill level 21 in Armour
 65942 | Crypt:2  | Reached skill level 15 in Evocations
 66220 | Crypt:2  | HP: 54/207 [??? (52)]
 66308 | Crypt:1  | Received a gift from Okawaru
 66981 | Crypt:3  | Entered Level 3 of the Crypt
 67179 | Crypt:3  | HP: 62/207 [soul eater/drain life (8)]
 67393 | Crypt:3  | Noticed an ancient lich
 67900 | Crypt:3  | Reached skill level 16 in Dodging
 68032 | Crypt:3  | HP: 62/207 [??? (59)]
 68343 | Crypt:3  | Noticed Jory
 68359 | Crypt:3  | HP: 61/207 [Jory/vampiric draining (16)]
 68368 | Crypt:3  | Killed Jory
 68368 | Crypt:3  | Received a gift from Okawaru
 68651 | Crypt:3  | HP: 42/207 [??? (40)]
 68663 | Crypt:3  | Received a gift from Okawaru
 68937 | Crypt:3  | Found a staircase to the Tomb.
 69212 | Crypt:3  | Found an ancient bone altar of Kikubaaqudgha.
 69272 | Crypt:3  | Received a gift from Okawaru
 69484 | Crypt:3  | Reached skill level 11 in Throwing
 69552 | Crypt:3  | Killed an ancient lich
 69552 | Crypt:3  | Gained mutation: You are immune to freezing clouds. [demonic ancestry]
 69552 | Crypt:3  | Reached XP level 23. HP: 185/199 MP: 32/34
 69655 | Crypt:3  | Got a translucent lead ring
 69655 | Crypt:3  | Got a vibrating platinum ring
 69655 | Crypt:3  | Got a fine brass ring
 69663 | Crypt:3  | Identified the ring "Pioqyav" {rN+ Int+4} (You found it on level 3 of the Crypt)
 69665 | Crypt:3  | Identified the ring "Hykhly" {*Contam rC+++ rN+ MP+9 Str-2} (You found it on level 3 of the Crypt)
 69667 | Crypt:3  | Identified the ring of Qesawe {+Blink rF+ rN+} (You found it on level 3 of the Crypt)
 69674 | Crypt:3  | Identified the Papyrus of the Traveller and Self-Improvement (You found it on level 3 of the Crypt)
 71500 | Depths:1 | Entered Level 1 of the Depths
 71619 | Depths:1 | You fall through a shaft!
 71633 | Depths:2 | Reached skill level 22 in Armour
 72052 | Depths:1 | Noticed Wiglaf
 72080 | Depths:1 | Killed Wiglaf
 72120 | Depths:1 | Reached skill level 12 in Throwing
 72299 | Depths:1 | Noticed Nikola
 72316 | Depths:1 | Killed Nikola
 72529 | Depths:1 | Found a gateway to Hell.
 72850 | Depths:2 | Received a gift from Okawaru
 73256 | Depths:2 | Received a gift from Okawaru
 73331 | Depths:2 | Received a gift from Okawaru
 73334 | Depths:2 | Noticed the Enchantress
 73506 | Depths:2 | Killed the Enchantress
 73530 | Depths:2 | Got a faerie dragon armour
 73617 | Depths:1 | Identified the +1 faerie dragon armour {*Confuse rElec rPois Stlth+} (You took it off the Enchantress on level 2 of the Depths)
 73766 | Depths:2 | Reached skill level 13 in Throwing
 73766 | Depths:2 | Reached skill level 23 in Armour
 74109 | Depths:2 | Found a one-way gate leading to the halls of Pandemonium.
 74459 | Depths:2 | Found a one-way gate to the infinite horrors of the Abyss.
 75758 | Depths:3 | Gained mutation: You are very robust (+20% HP). [demonic ancestry]
 75758 | Depths:3 | Reached XP level 24. HP: 214/225 MP: 34/34
 75893 | Depths:3 | Received a gift from Okawaru
 75967 | Depths:3 | Reached skill level 14 in Throwing
 75972 | Depths:3 | Received a gift from Okawaru
 75978 | Depths:3 | HP: 59/240 [disintegration (32)]
 76831 | Depths:3 | Found a runed door.
 77311 | Depths:3 | Found a radiant altar of Vehumet.
 77311 | Depths:3 | Noticed an ancient lich
 77326 | Depths:3 | Killed an ancient lich
 77326 | Depths:3 | Reached skill level 15 in Long Blades
 77341 | Depths:3 | Identified the Almanac of Flying Confrontation
 77480 | D:15     | Upgraded the game from 0.18-a0-1426-g3b9a63c to 0.18-a0-1435-gee79d65
 77599 | Depths:4 | Found Wuuxt's Pet Rocks.
 77947 | Depths:4 | Found a gateway to a ziggurat.
 78098 | Depths:4 | Reached skill level 16 in Fighting
 78133 | Depths:4 | Gained mutation: Your spells are a little easier to cast, but a little less powerful. [a neqoxec]
 78165 | Depths:4 | Gained mutation: You occasionally shout uncontrollably at your foes. [a neqoxec]
 78234 | Depths:4 | Received a gift from Okawaru
 78354 | Depths:4 | Noticed a juggernaut
 78370 | Depths:4 | Killed a juggernaut
 78370 | Depths:4 | Reached skill level 15 in Throwing
 78416 | Depths:4 | Got a pitted plate armour
 78424 | Depths:4 | Noticed an iron giant
 78608 | D:15     | Identified the +2 plate armour "Comagexe" {Regen+ Str-5 Int-3 Stlth+} (You found it on level 4 of the Depths)
 78777 | Depths:4 | Killed an iron giant
 78895 | Depths:4 | Noticed a juggernaut
 78922 | Depths:4 | Killed a juggernaut
 79269 | Depths:4 | Bought the +14 crystal plate armour "Huezo" {-Cast rElec Slay+2 SInv} for 1430 gold pieces
 79290 | Depths:5 | Entered Level 5 of the Depths
 79333 | Depths:5 | Received a gift from Okawaru
 79692 | Depths:5 | Reached skill level 16 in Long Blades
 79829 | Depths:5 | Gained mutation: A powerful demonic guardian rushes to your aid. [demonic ancestry]
 79829 | Depths:5 | Reached XP level 25. HP: 232/240 MP: 34/34
 79843 | Depths:5 | Reached skill level 17 in Fighting
 79856 | Depths:5 | Found a portal to a secret trove of treasure.
 80182 | Depths:5 | Identified the Volume of Augmentations
 80436 | Depths:5 | Received a gift from Okawaru
 80596 | Depths:5 | Found a gate to the Realm of Zot.
 80921 | D:14     | Received a gift from Okawaru
 80936 | D:14     | Got an ichor-stained triple sword {god gift}
 80937 | D:14     | Identified the +6 triple sword of Animal Spirits {venom, MR+ Int+4} (Okawaru gifted it to you on level 14 of the Dungeon)
 81168 | D:12     | Bought a manual of Long Blades for 1987 gold pieces
 81425 | Slime:1  | Entered Level 1 of the Pits of Slime
 81700 | Slime:4  | Gained mutation: You tend to lose your temper in combat. [a shining eye]
 81709 | Slime:3  | Gained mutation: You are extremely robust (+30% HP). [a shining eye]
 81903 | Slime:4  | Gained mutation: You are dopey. (Int -2) [a shining eye]
 81978 | Slime:5  | Reached skill level 17 in Long Blades
 82061 | Slime:6  | Entered Level 6 of the Pits of Slime
 82491 | Slime:6  | Reached skill level 18 in Long Blades
 82494 | Slime:6  | Received a gift from Okawaru
 82496 | Slime:6  | Noticed the Royal Jelly
 82505 | Slime:6  | Gained mutation: Armour fits poorly on your strangely shaped body. [a shining eye]
 83371 | Slime:6  | Received a gift from Okawaru
 83482 | Slime:4  | Reached skill level 19 in Long Blades
 83684 | Slime:6  | Gained mutation: You are very dopey. (Int -4) [a shining eye]
 83779 | Slime:6  | Killed the Royal Jelly
 83870 | Slime:6  | Got a slimy rune of Zot
 83907 | Slime:6  | Identified the Tome of the Glacier (You found it on level 6 of the Pits of Slime)
 84001 | Slime:6  | Got an encrusted cloak
 84012 | Slime:6  | Identified the +2 cloak of Indomitability {+Inv rF+ MR+} (You found it on level 6 of the Pits of Slime)
 84014 | Slime:6  | Lost mutation: You occasionally shout uncontrollably at your foes. [potion of cure mutation]
 84014 | Slime:6  | Lost mutation: You are extremely robust (+30% HP). [potion of cure mutation]
 84014 | Slime:6  | Lost mutation: You are very dopey. (Int -4) [potion of cure mutation]
 84014 | Slime:6  | Lost mutation: You tend to lose your temper in combat. [potion of cure mutation]
 84018 | Slime:6  | Identified a +0 rod of ignition (10/10) (You found it on level 6 of the Pits of Slime)
 84368 | Lair:4   | Killed Josephine
 84470 | Lair:1   | Lost mutation: Armour fits poorly on your strangely shaped body. [potion of cure mutation]
 84470 | Lair:1   | Lost mutation: You are dopey. (Int -2) [potion of cure mutation]
 84470 | Lair:1   | Lost mutation: You are resistant to hostile enchantments. [potion of cure mutation]
 84470 | Lair:1   | Lost mutation: Your spells are a little easier to cast, but a little less powerful. [potion of cure mutation]
 84765 | Vaults:5 | Entered Level 5 of the Vaults
 84834 | Vaults:4 | Reached skill level 18 in Fighting
 84960 | Vaults:4 | Received a gift from Okawaru
 85008 | Vaults:4 | Reached skill level 20 in Long Blades
 85184 | Vaults:4 | Noticed Gorice's illusion
 85210 | Vaults:4 | Killed Mara
 85361 | Vaults:4 | Gained mutation: You are extremely robust (+30% HP). [demonic ancestry]
 85361 | Vaults:4 | Reached XP level 26. HP: 178/274 MP: 34/34
 85965 | Vaults:5 | Received a gift from Okawaru
 85993 | Vaults:5 | Noticed an ancient lich
 86002 | Vaults:5 | Killed an ancient lich
 86361 | Vaults:4 | Received a gift from Okawaru
 86361 | Vaults:4 | Reached skill level 21 in Long Blades
 86646 | Vaults:4 | Received a gift from Okawaru
 86646 | Vaults:4 | Reached skill level 19 in Fighting
 86829 | Vaults:4 | HP: 82/294 [poisoned by a golden dragon (poison gas)]
 87275 | Vaults:5 | Received a gift from Okawaru
 87388 | Vaults:5 | Received a gift from Okawaru
 87449 | Vaults:5 | Got a silver rune of Zot
 87474 | Vaults:5 | Got a bound tin ring
 88077 | Vaults:5 | Reached skill level 22 in Long Blades
 88236 | Vaults:4 | Identified the ring "Ludd" {rC++ Str-5 Stlth-} (You took it off a vault warden on level 5 of the Vaults)
 88547 | Lair:1   | Learned a level 1 spell: Apportation
 89562 | Zot:1    | Entered Level 1 of the Realm of Zot
 89732 | Zot:1    | Gained mutation: A meltable icy envelope protects you from harm (AC +0). [demonic ancestry]
 89732 | Zot:1    | Reached XP level 27. HP: 220/289 MP: 10/34
 90118 | Zot:1    | Received a gift from Okawaru
 90609 | Zot:1    | Reached skill level 20 in Fighting
 91290 | Zot:2    | Reached skill level 17 in Dodging
 91636 | Zot:2    | Reached skill level 18 in Dodging
 92084 | Zot:2    | Reached skill level 19 in Dodging
 92547 | Zot:3    | Paralysed by the power of Zot for 2 turns
 92557 | Zot:3    | Received a gift from Okawaru
 92618 | Zot:3    | HP: 88/306 [poison (poison gas)]
 92875 | Zot:3    | Upgraded the game from 0.18-a0-1435-gee79d65 to 0.18-a0-1443-ge8f1551
 93112 | Zot:3    | Received a gift from Okawaru
 93308 | Depths:5 | Noticed a juggernaut
 93322 | Depths:5 | Killed a juggernaut
 94027 | Depths:5 | Reached skill level 23 in Long Blades
 94402 | Zot:2    | Reached skill level 6 in Shields
 94490 | Zot:3    | Reached skill level 21 in Fighting
 94602 | Zot:3    | Received a gift from Okawaru
 95200 | Zot:3    | Reached skill level 7 in Shields
 95672 | Zot:4    | Reached skill level 8 in Shields
 95934 | Zot:4    | Received a gift from Okawaru
 95935 | Zot:4    | Got a brightly glowing trident {god gift}
 96062 | Zot:3    | Reached skill level 16 in Throwing
 96200 | Zot:4    | HP: 77/312 [??? (74)]
 96583 | Zot:4    | Reached skill level 9 in Shields
 96585 | Zot:4    | Noticed an orb of fire
 96810 | Zot:4    | Gained mutation: You are weak. (Str -2) [an orb of fire]
 96819 | Zot:4    | Gained mutation: You tend to lose your temper in combat. [an orb of fire]
 96822 | Zot:4    | Killed an orb of fire
 97279 | Depths:5 | Upgraded the game from 0.18-a0-1443-ge8f1551 to 0.18-a0-1468-gaf180a1
 97415 | Pan      | Entered Pandemonium
 97419 | Pan      | Received a gift from Okawaru
 97496 | Pan      | HP: 94/315 [???[a gelid corrupter] (74)]
 97504 | Pan      | HP: 86/315 [torturous black sun/glaive (16)]
 97681 | Pan      | Reached skill level 10 in Shields
 97816 | Pan      | Noticed Naded the pandemonium lord
 97856 | Pan      | HP: 66/315 [???[Naded] (52)]
 98142 | Pan      | Reached skill level 22 in Fighting
 98254 | Pan      | Killed Naded the pandemonium lord
 98273 | Pan      | Found an exit through the horrors of the Abyss.
 98322 | Depths:4 | Escaped Pandemonium
 98335 | Pan      | Entered Pandemonium
 98540 | Pan      | Noticed Oshraepayd the pandemonium lord
 98548 | Pan      | HP: 77/315 [??? (60)]
 98554 | Pan      | HP: 75/315 [poisoned by Oshraepayd]
 98555 | Pan      | Paralysed by Oshraepayd for 7 turns
 98559 | Pan      | HP: 73/315 [poisoned by Oshraepayd]
 98561 | Pan      | HP: 10/315 [Oshraepayd the pandemonium lord (29)]
 98563 | Pan      | Mangled by Oshraepayd the pandemonium lord

Vault maps used:
D:1:      minmay_arrival_loop
D:4:      minitemple, corexii_leaking_fountain, trog_three_pillars_becter
D:5:      first_bread
D:6:      nicolae_ru_sacrificial_ziggurat
D:7:      hangedman_cross_stitches, lemuel_zombie_altar_yredelemnul,
          minmay_temple_entry_statues, the_bakery, uniq_pikel
D:8:      grunt_decor_fettered
D:9:      david_lair_generic, hiddenorc1_lemuel, uniq_gastronok, uniq_grum
D:10:     serial_shops, nicolae_shop_crystal, shop, nicolae_ashenzari_panopticon
D:11:     uniq_urug
D:12:     serial_shops, shop, evilmike_butchery
D:13:     kennysheep_four_rooms
D:14:     david_vaults_1, minmay_misc_feat_x, serial_shops, shop, uniq_louise
D:15:     grunt_enter_depths_giant_problem, moated_statue
Temple:   eino_temple_water_12
Lair:1:   st_stairs_11, serial_bayou_lagoon_b, grunt_megastairs_5
Lair:2:   lemuel_fruit_fields, lemuel_fruit_fields, grunt_megastairs_4,
          serial_bayou_shore_b
Lair:3:   lemuel_slime
Lair:4:   special_room, lab_entry_generic, uniq_josephine
Lair:6:   elwin_shoals_entry_rooms, spider_nest_entry_funnel_web
Lair:7:   basic_altar
Lair:8:   minmay_lair_end_enchanted_forest, slime_altar_1
Shoals:2: nicolae_shoals_aquamancer_cove
Shoals:3: serial_shops, shop_fountains
Shoals:4: shoals_end_simple, shoals_ilsuiw_alternative,
          nicolae_shoals_siren_and_animal_friends
Spider:1: spiders_nest_scorpion_pit
Spider:2: spider_trap, nicolae_orb_stairs
Spider:3: nicolae_spider_circle_web, spiders_nest_spider_trap
Spider:4: grunt_spider_rune_circles
Slime:2:  cheibrodos_slime_lost_civilization_7
Slime:5:  cheibrodos_slime_lost_civilization_2, nicolae_slime_barrier
Orc:1:    guppyfry_library_mini, uniq_erica
Orc:2:    st_orc_open, basic_altar, led_sif_book
Elf:1:    minmay_elf_arrival_plus, serial_glass, glass_columns_b,
          glass_columns_a, minmay_strange_pillars, due_unseen_surprise,
          feat_on_display, minivault_28, uniq_kirke
Elf:2:    serial_shops, nicolae_shop_behind_doors
Elf:3:    minmay_elf_hall_golems
Vaults:1: ontoclasm_vaults_loading_screen, vaults_room_grunt_arrival_ludios,
          vaults_dpeg_diagonal, ontoclasm_vaults_misaligned,
          nicolae_vaults_angled_halls, nicolae_vaults_theta, v_misc_18,
          ontoclasm_vaults_chip, nicolae_vaults_big_ls,
          nicolae_vaults_little_ls, vaults_dpeg_ring, vaults_mumra_hex,
          nicolae_vaults_angled_halls, nicolae_vaults_shelves_hall,
          ontoclasm_vaults_gateway, uniq_aizul
Vaults:2: hangedman_vaults_pinch, v_rooms_6, nicolae_vaults_three_branches,
          vaults_mumra_chevron, v_alt_pattern_4,
          nicolae_vaults_little_squares_6, vaults_standard_mumra_x,
          nicolae_vaults_diagonal_hallway_8, serial_shops, bzr_firewalk
Vaults:3: grunt_vaults_swirl, v_misc_3, hangedman_vaults_snaps,
          vaults_room_boxed, minmay_crypt_entry_necro_gods,
          hangedman_vaults_river_flow, ontoclasm_vaults_spin,
          grunt_vaults_focal, nicolae_vaults_shelves_hall,
          vaults_room_hangedman_quadrants, vaults_room_pool, basic_altar,
          serial_shops, nicolae_shop_window_shopping
Vaults:4: v_misc_24, v_misc_23, grunt_tower_of_power,
          nicolae_vaults_mini_display_case, dpeg_vaults_monster_box,
          v_alt_pattern_2, v_misc_30, v_misc_14, v_pattern_5,
          vaults_room_stairs_pillars, vaults_room_pools, hangedman_vaults_locks,
          uniq_donald, uniq_jorgrun, uniq_mara, uniq_margery
Vaults:5: serial_shops
Crypt:1:  special_room, grunt_crypt_arrival_webbed, uniq_boris, uniq_xtahua
Crypt:2:  grunt_deathspiral_small, minmay_misc_feat_ornament, grunt_ministairs_7
Crypt:3:  evilmike_haunted_forest, uniq_jory
Depths:1: nrook_uturn, hangedman_tar_grid_catacomb, nicolae_lava_and_water,
          lemuel_another_geyser, uniq_nikola, uniq_wiglaf
Depths:2: wad_guarded_room, grunt_metal_band, serial_glass, glass_columns_b,
          glass_columns_b, feat_on_display, minmay_strange_pillars,
          item_on_display_a, abyss_entry, grunt_pan_entry_in_and_out,
          small_chamber_with_monster, serial_sigils_hangedman_carve,
          uniq_enchantress
Depths:3: cell_vault, grunt_pan_entry_zigzag, serial_bayou_lagoon_a,
          hangedman_coc_ice_floe, grunt_absolute_annihilation,
          basic_stair_grate_trap, infiniplex_staircase_zigzag_4
Depths:4: minmay_fractal_lines_corner, enter_ziggurat_e,
          hangedman_abyss_entry_splay, corexii_hall_statues_x,
          rand_demon_pan_entry_7, hell_entry, guppyfry_shop_earth,
          serial_bayou_shore_a, infiniplex_staircase_pillars_2
Depths:5: grunt_zot_entry_hairpin, moated_statue, enter_trove_5, hellmouth_1,
          roderic_lattice_octagonal_star
Zot:1:    st_stairs_10, grunt_ministairs_2, lemuel_flame_loot_1
Zot:2:    kennysheep_blocky_hall, st_stairs_3
Zot:3:    lemuel_acid_trip
Zot:4:    grunt_zot_stairs_mandelzot
Pan:      evilmike_mini_pan_doors, reaverb_pan_chaos_star,
          nicolae_pan_gloorx_vloqian_2, evilmike_mini_pan_thingy
Lab:      labyrinth_spiral
Bazaar:   bazaar_minmay_cross

Skill      XL: |  1  2  3  4  5  6  7  8  9 10 11 12 13 14 15 16 17 18 19 20 21 22 23 24 25 26 27 |
---------------+----------------------------------------------------------------------------------+-----
Long Blades    | 3 4 5 6 8 10 11 12 14 16 20 22 23 | 23.1
Fighting       | 3 4 5 6 7 8 10 11 12 13 14 15 16 18 19 22 | 22.1
Armour         | 1 2 3 4 6 7 8 10 11 13 15 16 17 18 19 20 21 23 | 23.7
Invocations    | 7 8 |  8.3
Shields        | 4 5 10 | 10.5
Dodging        | 4 6 9 10 12 13 15 16 19 | 19.0
Throwing       | 2 5 8 9 10 11 13 15 16 | 16.8
Evocations     | 2 7 10 12 14 15 | 15.0

Action                   |  1- 3 |  4- 6 |  7- 9 | 10-12 | 13-15 | 16-18 | 19-21 | 22-24 | 25-27 || total
-------------------------+-------+-------+-------+-------+-------+-------+-------+-------+-------++-------
Melee: Long sword        |   133 |   285 |   401 |   123 |       |       |       |       |       ||   942
       Short sword       |       |       |     3 |       |       |       |       |       |       ||     3
       Scimitar          |       |       |       |   233 |    18 |       |       |       |       ||   251
       Demon blade       |       |       |       |   469 |  1630 |  2126 |  2276 |  2508 |  2229 || 11238
       Flail             |       |       |       |     5 |     8 |       |       |       |       ||    13
       Triple sword      |       |       |       |       |       |       |       |       |   637 ||   637
 Fire: Blowgun           |       |       |     8 |    52 |     9 |       |       |     1 |       ||    70
Throw: Tomahawk          |       |     6 |    22 |    41 |    19 |       |       |       |       ||    88
       Javelin           |       |       |       |       |    19 |    27 |     7 |    30 |    33 ||   116
 Cast: Apportation       |       |       |       |       |       |       |       |       |     1 ||     1
Invok: Heroism           |       |       |       |     7 |    13 |    12 |    12 |    26 |    20 ||    90
       Finesse           |       |       |       |       |     1 |     1 |       |     5 |     4 ||    11
 Abil: Evoke Invisibilit |       |       |       |       |       |       |     3 |       |     1 ||     4
       Evoke Blink       |       |       |       |       |       |       |       |       |     1 ||     1
       Evoke Flight      |       |       |       |       |       |       |       |       |     1 ||     1
Evoke: Wand              |       |       |     4 |     4 |     2 |       |     3 |     6 |     2 ||    21
       Rod               |       |       |       |       |       |     5 |       |     9 |     1 ||    15
  Use: Scroll            |     2 |     6 |    13 |    13 |     8 |    13 |    10 |    12 |    10 ||    87
       Potion            |       |       |     7 |     2 |     1 |     2 |     2 |     6 |    10 ||    30
 Stab: Distracted        |       |     1 |     1 |     5 |     7 |     5 |     6 |     4 |     9 ||    38
       Paralysed         |       |       |       |       |       |       |     3 |       |       ||     3
       Invisible         |       |       |       |       |       |       |     9 |       |     3 ||    12
  Eat: Chunk             |     2 |    12 |    13 |    26 |    47 |    49 |    39 |    29 |    40 ||   257
       Meat ration       |       |       |       |     2 |       |       |     1 |     4 |     4 ||    11
       Fruit             |       |       |       |     1 |       |       |       |       |     1 ||     2
       Bread ration      |       |       |       |     1 |       |       |       |     1 |     2 ||     4
       Pizza             |       |       |       |       |       |     1 |       |     1 |     2 ||     4
       Royal jelly       |       |       |       |       |       |     1 |       |       |       ||     1

Table legend:
 A = Turns spent in this place as a percentage of turns spent in the entire game.
 B = Non-inter-level travel turns spent in this place as a percentage of non-inter-level travel turns spent in the entire game.
 C = Inter-level travel turns spent in this place as a percentage of turns spent in this place.
 D = Turns resting spent in this place as a percentage of non-inter-level travel turns spent in this place.
 E = Turns spent auto-exploring this place as a percentage of non-inter-level travel turns spent in this place.
 F = Non-inter-level travel turns spent in this place divided by the number of levels of this place that you've seen.
                   A       B       C       D       E      F
               +-------+-------+-------+-------+-------+----------------------
         Total | 100.0 | 100.0 |   0.6 |   2.2 |   2.8 | 677.2
       Dungeon |  14.8 |  14.8 |   0.8 |   2.4 |   5.4 | 426.2
        Temple |   0.3 |   0.3 |   0.8 |   2.5 |   0.0 | 121.0
          Lair |  10.9 |  10.9 |   1.3 |   2.7 |   3.9 | 587.9
        Shoals |   6.8 |   6.9 |   0.5 |   2.5 |   2.1 | 742.5
   Spider Nest |   5.7 |   5.7 |   0.4 |   3.6 |   4.1 | 615.0
    Slime Pits |   3.8 |   3.8 |   0.2 |   4.0 |   0.0 | 275.8
  Orcish Mines |   2.5 |   2.5 |   0.7 |   1.3 |   1.8 | 534.5
   Elven Halls |   6.6 |   6.6 |   0.2 |   2.0 |   2.0 | 955.7
        Vaults |  17.5 |  17.6 |   0.5 |   1.3 |   1.6 | 1521.8
         Crypt |   8.1 |   8.1 |   0.3 |   2.5 |   2.5 | 1173.0
        Depths |  10.9 |  10.9 |   0.5 |   1.4 |   3.3 | 941.6
           Zot |   7.4 |   7.4 |   0.5 |   2.8 |   3.0 | 797.2
   Pandemonium |   1.6 |   1.6 |   0.0 |   3.2 |   1.2 | 347.0
     Labyrinth |   3.0 |   3.0 |   0.0 |   0.0 |   0.0 | 1317.0
        Bazaar |   0.1 |   0.1 |   0.0 |   0.0 |   0.0 |  64.0
               +-------+-------+-------+-------+-------+----------------------

Vault maps used:
D:1:      minmay_arrival_loop
D:4:      minitemple, corexii_leaking_fountain, trog_three_pillars_becter
D:5:      first_bread
D:6:      nicolae_ru_sacrificial_ziggurat
D:7:      hangedman_cross_stitches, lemuel_zombie_altar_yredelemnul,
          minmay_temple_entry_statues, the_bakery, uniq_pikel
D:8:      grunt_decor_fettered
D:9:      david_lair_generic, hiddenorc1_lemuel, uniq_gastronok, uniq_grum
D:10:     serial_shops, nicolae_shop_crystal, shop, nicolae_ashenzari_panopticon
D:11:     uniq_urug
D:12:     serial_shops, shop, evilmike_butchery
D:13:     kennysheep_four_rooms
D:14:     david_vaults_1, minmay_misc_feat_x, serial_shops, shop, uniq_louise
D:15:     grunt_enter_depths_giant_problem, moated_statue
Temple:   eino_temple_water_12
Lair:1:   st_stairs_11, serial_bayou_lagoon_b, grunt_megastairs_5
Lair:2:   lemuel_fruit_fields, lemuel_fruit_fields, grunt_megastairs_4,
          serial_bayou_shore_b
Lair:3:   lemuel_slime
Lair:4:   special_room, lab_entry_generic, uniq_josephine
Lair:6:   elwin_shoals_entry_rooms, spider_nest_entry_funnel_web
Lair:7:   basic_altar
Lair:8:   minmay_lair_end_enchanted_forest, slime_altar_1
Shoals:2: nicolae_shoals_aquamancer_cove
Shoals:3: serial_shops, shop_fountains
Shoals:4: shoals_end_simple, shoals_ilsuiw_alternative,
          nicolae_shoals_siren_and_animal_friends
Spider:1: spiders_nest_scorpion_pit
Spider:2: spider_trap, nicolae_orb_stairs
Spider:3: nicolae_spider_circle_web, spiders_nest_spider_trap
Spider:4: grunt_spider_rune_circles
Slime:2:  cheibrodos_slime_lost_civilization_7
Slime:5:  cheibrodos_slime_lost_civilization_2, nicolae_slime_barrier
Orc:1:    guppyfry_library_mini, uniq_erica
Orc:2:    st_orc_open, basic_altar, led_sif_book
Elf:1:    minmay_elf_arrival_plus, serial_glass, glass_columns_b,
          glass_columns_a, minmay_strange_pillars, due_unseen_surprise,
          feat_on_display, minivault_28, uniq_kirke
Elf:2:    serial_shops, nicolae_shop_behind_doors
Elf:3:    minmay_elf_hall_golems
Vaults:1: ontoclasm_vaults_loading_screen, vaults_room_grunt_arrival_ludios,
          vaults_dpeg_diagonal, ontoclasm_vaults_misaligned,
          nicolae_vaults_angled_halls, nicolae_vaults_theta, v_misc_18,
          ontoclasm_vaults_chip, nicolae_vaults_big_ls,
          nicolae_vaults_little_ls, vaults_dpeg_ring, vaults_mumra_hex,
          nicolae_vaults_angled_halls, nicolae_vaults_shelves_hall,
          ontoclasm_vaults_gateway, uniq_aizul
Vaults:2: hangedman_vaults_pinch, v_rooms_6, nicolae_vaults_three_branches,
          vaults_mumra_chevron, v_alt_pattern_4,
          nicolae_vaults_little_squares_6, vaults_standard_mumra_x,
          nicolae_vaults_diagonal_hallway_8, serial_shops, bzr_firewalk
Vaults:3: grunt_vaults_swirl, v_misc_3, hangedman_vaults_snaps,
          vaults_room_boxed, minmay_crypt_entry_necro_gods,
          hangedman_vaults_river_flow, ontoclasm_vaults_spin,
          grunt_vaults_focal, nicolae_vaults_shelves_hall,
          vaults_room_hangedman_quadrants, vaults_room_pool, basic_altar,
          serial_shops, nicolae_shop_window_shopping
Vaults:4: v_misc_24, v_misc_23, grunt_tower_of_power,
          nicolae_vaults_mini_display_case, dpeg_vaults_monster_box,
          v_alt_pattern_2, v_misc_30, v_misc_14, v_pattern_5,
          vaults_room_stairs_pillars, vaults_room_pools, hangedman_vaults_locks,
          uniq_donald, uniq_jorgrun, uniq_mara, uniq_margery
Vaults:5: serial_shops
Crypt:1:  special_room, grunt_crypt_arrival_webbed, uniq_boris, uniq_xtahua
Crypt:2:  grunt_deathspiral_small, minmay_misc_feat_ornament, grunt_ministairs_7
Crypt:3:  evilmike_haunted_forest, uniq_jory
Depths:1: nrook_uturn, hangedman_tar_grid_catacomb, nicolae_lava_and_water,
          lemuel_another_geyser, uniq_nikola, uniq_wiglaf
Depths:2: wad_guarded_room, grunt_metal_band, serial_glass, glass_columns_b,
          glass_columns_b, feat_on_display, minmay_strange_pillars,
          item_on_display_a, abyss_entry, grunt_pan_entry_in_and_out,
          small_chamber_with_monster, serial_sigils_hangedman_carve,
          uniq_enchantress
Depths:3: cell_vault, grunt_pan_entry_zigzag, serial_bayou_lagoon_a,
          hangedman_coc_ice_floe, grunt_absolute_annihilation,
          basic_stair_grate_trap, infiniplex_staircase_zigzag_4
Depths:4: minmay_fractal_lines_corner, enter_ziggurat_e,
          hangedman_abyss_entry_splay, corexii_hall_statues_x,
          rand_demon_pan_entry_7, hell_entry, guppyfry_shop_earth,
          serial_bayou_shore_a, infiniplex_staircase_pillars_2
Depths:5: grunt_zot_entry_hairpin, moated_statue, enter_trove_5, hellmouth_1,
          roderic_lattice_octagonal_star
Zot:1:    st_stairs_10, grunt_ministairs_2, lemuel_flame_loot_1
Zot:2:    kennysheep_blocky_hall, st_stairs_3
Zot:3:    lemuel_acid_trip
Zot:4:    grunt_zot_stairs_mandelzot
Pan:      evilmike_mini_pan_doors, reaverb_pan_chaos_star,
          nicolae_pan_gloorx_vloqian_2, evilmike_mini_pan_thingy
Lab:      labyrinth_spiral
Bazaar:   bazaar_minmay_cross
